 Dungeon Crawl Stone Soup version 0.29.1 (webtiles) character file.

Game seed: 16263649652832682513

529 firemarshallily the Caller (level 7, -2/53 HPs)
             Began as a Merfolk Summoner on Sept 14, 2022.
             Slain by Edmund
             ... wielding a +4 flail of protection
              (10 damage)
             ... on level 4 of the Dungeon.
             The game lasted 00:15:50 (5328 turns).

firemarshallily the Caller (Merfolk Summoner)       Turns: 5328, Time: 00:15:50

Health: -2/53      AC:  4    Str:  8    XL:     7   Next: 24%
Magic:  5/14       EV: 13    Int: 14    God:
Gold:   262        SH:  0    Dex: 17    Spells: 10/16 levels left

rFire   . . .      SeeInvis .   x - +0 trident
rCold   . . .      Faith    .   (no shield)
rNeg    . . .      Spirit   .   a - +0 robe
rPois   .          Reflect  .   r - +2 hat
rElec   .          Harm     .   (no cloak)
rCorr   .          Rampage  .   (no gloves)
Will    .....                   (no boots)
Stlth   ++........              D - amulet of the acrobat
HPRegen 0.17/turn               (no ring)
MPRegen 0.14/turn               (no ring)

@: hasted, very quick
A: (nimble swimmer 2), mertail
a: no special abilities


You were on level 4 of the Dungeon.
You visited 1 branch of the dungeon, and saw 4 of its levels.

You collected 262 gold pieces.

Inventory:

Hand Weapons
 h - a +0 dagger
 x - a +0 trident (weapon)
 A - a +1 short sword of freezing
Missiles
 g - 5 poisoned darts
 j - 5 curare-tipped darts
Armour
 a - a +0 robe (worn)
 r - a +2 hat (worn)
Jewellery
 f - a ring of fire
 k - an amulet of faith
 w - a ring of ice
 D - an amulet of the acrobat (around neck)
Wands
 p - a wand of roots (13)
 z - a wand of flame (21)
 B - a wand of polymorph (5)
Scrolls
 e - a scroll of summoning
 i - a scroll of noise {unknown}
 l - a scroll of magic mapping {unknown}
 m - 2 scrolls of vulnerability {unknown}
 q - a scroll of acquirement {unknown}
 s - a scroll of poison {unknown}
 v - 2 scrolls of blinking {unknown}
 y - a scroll of immolation {unknown}
 C - a scroll of fear {unknown}
Potions
 b - a potion of magic
 c - a potion of invisibility
 n - 2 potions of haste
 o - a potion of might {unknown}
 t - a potion of brilliance {unknown}
 u - 2 potions of mutation {unknown}


   Skills:
 + Level 3.7 Fighting
 - Level 2.6 Dodging
 - Level 2.1 Stealth
 * Level 5.2 Spellcasting
 + Level 5.4 Summonings


You had 10 spell levels left.
You knew the following spells:

 Your Spells              Type           Power      Damage    Failure   Level
a - Summon Small Mammal   Summ           72%        N/A       1%          1
b - Call Imp              Summ           18%        N/A       2%          2
c - Call Canine Familiar  Summ           18%        N/A       5%          3

Your spell library contained the following spells:

 Spells                   Type           Power      Damage    Failure   Level
 Beastly Appendage        Tmut           6%         N/A       17%         1
 Foxfire                  Conj/Fire      12%        2x1d4     17%         1
 Summon Guardian Golem    Hex/Summ       11%        N/A       17%         3
 Static Discharge         Conj/Air       3%         3-4/arc   26%         2
 Wereblood                Tmut           3%         N/A       26%         2
 Dazzling Flash           Conj/Hex       6%         N/A       45%         3
 Spider Form              Tmut/Pois      3%         N/A       45%         3
 Summon Lightning Spire   Summ/Air       11%        N/A       50%         4
 Agony                    Necr           3%         N/A       99%         5
 Lightning Bolt           Conj/Air       1%         1d12      99%         5
 Silence                  Hex/Air        1%         N/A       99%         5
 Maxwell's Capacitive Co  Air            1%         ∞         100%        8


Dungeon Overview and Level Annotations

Branches:
Dungeon (4/15)
 Temple: D:4-7

Altars:
Ashenzari
Okawaru
Ru

Annotations:
D:3 3 runed translucent doors, turdburglar's ghost, amateur MiFi
D:4 Edmund


Innate Abilities, Weirdness & Mutations

((You are very nimble when in or above water. (Stealth+, EV+, Speed+++)))
Your lower body shifts to a powerful aquatic tail in water.


Message History

You closely miss Edmund.
Edmund is severely wounded.
Your hound bites Edmund but does no damage.
Edmund barely misses your hound.
Your quokka closely misses Edmund.
You strike the helpless Edmund from behind!
You hit Edmund.
Edmund is severely wounded.
Your hound bites Edmund but does no damage.
Your quokka closely misses Edmund.
Edmund hits your hound with a +4 flail of protection!
Casting: Summon Small Mammal (safe; 1% risk of failure)
Confirm with . or Enter, or press ? or * to list all spells.
A beastly little devil appears in a puff of flame.
Your crimson imp says, "I'm here!"
Your hound bites Edmund but does no damage.
You closely miss Edmund.
Edmund is severely wounded.
Your hound bites Edmund but does no damage.
Your quokka barely misses Edmund.
Edmund barely misses you.
Your hound bites Edmund but does no damage.
Your quokka barely misses Edmund.
You hit Edmund but do no damage.
Edmund is severely wounded.
Your hound misses Edmund.
Edmund hits you with a +4 flail of protection!
* * * LOW HITPOINT WARNING * * *
Your quokka closely misses Edmund.
You feel better.
Your crimson imp closely misses Edmund.
Your hound bites Edmund but does no damage.
Edmund misses you.
You hit Edmund.
Edmund is severely wounded.
Your quokka bites Edmund but does no damage.
Your hound bites Edmund but does no damage.
Your crimson imp hits Edmund but does no damage.
You hit Edmund but do no damage.
Edmund is severely wounded.
Your quokka barely misses Edmund.
Your hound barely misses Edmund.
Edmund hits you with a +4 flail of protection!
You die...

# #.##....# .#
###########.......##.#
.........[#..........#
..........##.#.......
.............#.....#
..........####....5#
##.....#...(.....#.#
......^..>########r#
##....##..### #@@h#
#....##....####5###
#....###.#.##...#
#....# #.#.##.###
###### #.#....#
#.###### #.# #.# ...


You could see Edmund (ally target), a friendly hound (summoned), a friendly
crimson imp (summoned) and a friendly quokka (summoned).

Vanquished Creatures
  A scorpion (D:4)
  Ijyb (D:4)
  An adder (D:4)
  An orc (D:4)
  A bat (D:1)
  A bat skeleton (D:2)
  An endoplasm (D:3)
  A giant cockroach (D:4)
  2 hobgoblins
  2 ball pythons
  2 kobolds
  2 toadstools (D:4)
16 creatures vanquished.

Vanquished Creatures (collateral kills)
  Sigmund (D:2)
  An orc priest (D:3)
  Terence (D:3)
  An iguana (D:4)
  2 orc wizards
  A howler monkey zombie (D:2)
  3 adders
  An adder skeleton (D:2)
  4 adder zombies (D:2)
  A worm (D:2)
  7 orcs
  9 ball pythons
  5 bats
  A bat skeleton (D:2)
  6 endoplasms
  A giant cockroach (D:3)
  5 goblins
  7 hobgoblins
  3 quokkas (D:1)
  A ball python zombie (D:2)
  4 frilled lizards (D:1)
  A jackal skeleton (D:2)
  A kobold (D:2)
  A quokka zombie (D:2)
  7 rats
  A toadstool (D:4)
76 creatures vanquished.

Vanquished Creatures (others)
  4 fungi
  2 withered plants (D:2)
6 creatures vanquished.

Grand Total: 98 creatures vanquished

Notes
Turn   | Place    | Note
-------+----------+-------------------------------------------
     0 | D:1      | firemarshallily the Merfolk Summoner began the quest for
                  | the Orb.
     0 | D:1      | Reached XP level 1. HP: 13/13 MP: 3/3
   411 | D:1      | Found a faded altar of an unknown god.
   446 | D:1      | Got Plato's Grimoire of Excruciating Ignition
   447 | D:1      | Prayed at the altar of an unknown god.
   447 | D:1      | Became a worshipper of Ru the Awakened
   448 | D:1      | Fell from the grace of Ru
   680 | D:1      | Reached XP level 2. HP: 19/20 MP: 1/5
   722 | D:1      | Learned a level 2 spell: Call Imp
  1218 | D:1      | Reached skill level 1 in Fighting
  1720 | D:2      | Reached XP level 3. HP: 26/26 MP: 0/7
  2051 | D:2      | Reached XP level 4. HP: 20/32 MP: 4/8
  2401 | D:2      | Noticed Sigmund
  2412 | D:2      | Learned a level 3 spell: Call Canine Familiar
  2421 | D:2      | Killed Sigmund
  2422 | D:2      | Reached XP level 5. HP: 39/39 MP: 2/11
  2422 | D:2      | Reached XP level 6. HP: 46/46 MP: 2/12
  2796 | D:2      | Reached skill level 5 in Summonings
  3656 | D:3      | Found a broken altar of Ashenzari.
  3980 | D:3      | Noticed Terence
  4064 | D:3      | Killed Terence
  4239 | D:3      | Found a runed translucent gate.
  4239 | D:3      | Found a runed translucent gate.
  4239 | D:3      | Found a runed translucent gate.
  4239 | D:3      | Noticed turdburglar's ghost (amateur MiFi)
  4625 | D:4      | Noticed Ijyb
  4647 | D:4      | Killed Ijyb
  4648 | D:4      | Reached skill level 5 in Spellcasting
  4648 | D:4      | Reached XP level 7. HP: 52/52 MP: 11/14
  5190 | D:4      | Found an iron altar of Okawaru.
  5292 | D:4      | Noticed Edmund
  5325 | D:4      | HP: 2/53 [Edmund/+4 flail of protection (13)]
  5328 | D:4      | Slain by Edmund

Illustrated notes

Levels and vault maps discovered:
D:1:      minmay_arrival_hallway, layout_basic,
          shapermc_ecumenical_altar_rom_forum
D:2:      layout_loops_ring, serial_undead, serial_undead_a, serial_undead_e,
          serial_undead_c, serial_undead_a, serial_undead_b, serial_undead_e,
          serial_undead_b, serial_undead_e, uniq_sigmund
D:3:      layout_rooms, evilmike_ruin_ashenzari, gammafunk_ghost_nasty_kobolds,
          nrook_loot_triangle, uniq_terence
D:4:      layout_basic, okawaru_ov_weapons_minmay, minmay_gold_behind_fungi,
          uniq_ijyb, uniq_menkaure, uniq_edmund

Skill      XL: |  1  2  3  4  5  6 |
---------------+-------------------+-----
Fighting       | 1 2 3 |  3.7
Spellcasting   | 3 4 5 |  5.2
Summonings     | 5 |  5.4
Dodging        | |  2.6
Stealth        | |  2.1

Action                   |  1- 3 |  4- 6 |  7- 9 || total
-------------------------+-------+-------+-------++-------
Melee: Unarmed           |    22 |       |       ||    22
       Dagger            |    21 |    28 |       ||    49
       Short sword       |       |    34 |     7 ||    41
       Trident           |       |       |    20 ||    20
 Cast: Summon Small Mamm |    47 |    50 |    17 ||   114
       Call Imp          |    16 |    17 |     6 ||    39
       Call Canine Famil |       |    13 |     6 ||    19
Invok: Renounce Religion |     1 |       |       ||     1
  Use: Scroll            |       |     2 |       ||     2
       Potion            |       |       |     3 ||     3
 Stab: Sleeping          |     1 |     2 |     1 ||     4
       Distracted        |       |     3 |     1 ||     4
Armor: Robe              |     7 |    10 |     1 ||    18
       Skin              |       |     8 |       ||     8
Dodge: Dodged            |    33 |    34 |    12 ||    79
